 Dungeon Crawl Stone Soup version 0.31-a0-263-ge8cad7f256 (webtiles) character file.

Game seed: 15502437816290152377

107 qw the Shooter (level 4, -2/36 HPs)
             Began as a Minotaur Hexslinger on July 13, 2023.
             Slain by a water moccasin (4 damage)
             ... on level 6 of the Dungeon.
             The game lasted 00:00:36 (1484 turns).

qw the Shooter (Minotaur Hexslinger)                Turns: 1484, Time: 00:00:37

Health: -2/36      AC:  6    Str: 12    XL:     4   Next: 56%
Magic:  4/4        EV: 12    Int: 10    God:
Gold:   192        SH:  0    Dex: 15    Spells: 4/5 levels left

rFire   . . .        Y - +1 sling
rCold   . . .        (no shield)
rNeg    . . .        i - +0 leather armour
rPois   .            (helmet restricted)
rElec   .            (no cloak)
rCorr   .            g - +2 pair of gloves
SInv    .            (no boots)
Will    .....        (no amulet)
Stlth   +            (no ring)
HPRegen 0.26/turn    (no ring)
MPRegen 0.09/turn

%: no passive effects
@: lethally poisoned (-2 -> -10)
A: horns 2, retaliatory headbutt
a: no special abilities


You were on level 6 of the Dungeon.
You visited 1 branch of the dungeon, and saw 4 of its levels.

You collected 192 gold pieces.


Innate Abilities, Weirdness & Mutations

You have a pair of horns on your head.
You reflexively headbutt those who attack you in melee.


   Skills:
 + Level 2.0 Fighting
 - Level 5.1 Ranged Weapons
 - Level 2.1 Dodging
 - Level 1.0 Spellcasting
 - Level 2.0 Hexes


You had 4 spell levels left.
You knew the following spells:

 Your Spells              Type           Power      Damage    Failure   Level
a - Slow                  Hex            16%        N/A       19%         1

Your spell library contained the following spells:

 Spells                   Type           Power      Damage    Failure   Level
 Inner Flame              Hex/Fire       2%         N/A       65%         3
 Portal Projectile        Hex/Tloc       4%         N/A       65%         3
 Cause Fear               Hex            2%         N/A       88%         4

Inventory:

Hand Weapons
 Y - a +1 sling (weapon)
Armour
 g - a +2 pair of gloves (worn)
 i - a +0 leather armour (worn)
 j - a +0 ring mail
Jewellery
 c - a ring of protection from fire
Scrolls
 a - 4 scrolls of amnesia {unknown}
 d - a scroll of revelation {unknown}
Potions
 b - a potion of heal wounds {unknown}
 e - a potion of might
 f - a potion of brilliance {unknown}
 h - a potion of curing

Dungeon Overview and Level Annotations

Branches:
Dungeon (6/15)
 Temple: D:4-7

Altars:
Gozag


Message History

You shoot a sling bullet.
The sling bullet closely misses the hound.
The hound closely misses you. You furiously retaliate!
You headbutt the hound.
A water moccasin comes into view.
The hound bites you but does no damage.
You shoot a sling bullet.
The sling bullet closely misses the hound.
The hound bites you but does no damage. Something hits you but does no damage.
The hound barely misses you. You furiously retaliate!
You headbutt the hound!
You kill the hound!
Your Ranged Weapons skill increases to level 5!
You shoot a sling bullet.
The sling bullet hits the water moccasin!
The water moccasin is moderately wounded.
A wight comes into view. It is wielding a +2 great sword.
Something completely misses you. Something hits you. Something shocks you.
You shoot a sling bullet.
The sling bullet closely misses the water moccasin.
A wight comes into view. It is wielding a +4 halberd.
Something hits you but does no damage.
An adder comes into view.
You shoot a sling bullet.
The sling bullet completely misses the water moccasin.
The adder hisses angrily.
A wight comes into view. It is wielding a +0 mace.
Something hits you. Something shocks you.
You shoot a sling bullet.
The sling bullet closely misses the water moccasin.
The sling bullet completely misses the wight.
The water moccasin bites you!
You are poisoned.
The water moccasin poisons you! Something hits you. Something shocks you.
The water moccasin bites you.
You shoot a sling bullet.
The sling bullet barely misses the water moccasin.
The sling bullet hits the adder.
The adder is lightly wounded.
You feel very sick. The water moccasin bites you.
You die...

...##...... . .........
..##.......###
.zz.z........ ..........#
....#.S.....#
........S{...####+#
.....#. #@.........
.......##..........
##.....>#..........
...................
.....#.##.........####.###
#...............#.### #
#.#...^.............#
..............#.#..##
#...............#..##


You could see a water moccasin, 3 wights and an adder.

Vanquished Creatures
  A hound (D:6)
  Jessica (D:3)
  An adder (D:2)
  A worm (D:3)
  2 orcs (D:3)
  6 ball pythons
  3 bats
  4 endoplasms (D:2)
  2 giant cockroaches (D:3)
  A goblin (D:1)
  2 hobgoblins
  2 jackals (D:2)
  3 kobolds (D:2)
  2 quokkas
  5 frilled lizards
  2 rats
38 creatures vanquished.

Notes
Turn   | Place    | Note
-------+----------+-------------------------------------------
     0 | D:1      | qw the Minotaur Hexslinger began the quest for the Orb.
     0 | D:1      | Reached XP level 1. HP: 16/16 MP: 1/1
     0 | D:1      | 0 ||| qw: Version: 0.3-a-52-g30416fa
     0 | D:1      | 0 ||| qw: Game counter: 7385
     0 | D:1      | 0 ||| qw: Melee chars always use a shield: true
     0 | D:1      | 0 ||| qw: God list: Okawaru
     0 | D:1      | 0 ||| qw: Allow faded altars: false
     0 | D:1      | 0 ||| qw: Do Orc after clearing Dungeon:15 true
     0 | D:1      | 0 ||| qw: Do second Lair branch before Depths: true
     0 | D:1      | 0 ||| qw: Lair rune preference: random
     0 | D:1      | 0 ||| qw: Goals: Normal
     0 | D:1      | 0 ||| PLANNING D:1-11
   163 | D:1      | Found a faded altar of an unknown god.
   335 | D:1      | Reached skill level 3 in Ranged Weapons
   383 | D:1      | Reached XP level 2. HP: 23/23 MP: 2/2
   446 | D:1      | 446 ||| UPGRADING to +2 pair of gloves.
   451 | D:1      | 451 ||| UPGRADING to +0 leather armour.
   461 | D:1      | 461 ||| DROPPING +0 robe.
   462 | D:1      | 462 ||| READING scroll labelled WINULO OZOIWEA.
   466 | D:1      | 466 ||| DRINKING 2 smoky inky potions.
   467 | D:1      | 467 ||| DROPPING scroll of poison.
   652 | D:2      | Reached XP level 3. HP: 29/29 MP: 3/3
  1133 | D:2      | 1133 ||| READING scroll labelled MOC QUKHLIXKO.
  1134 | D:2      | 1134 ||| DRINKING 2 fuming amethyst potions.
  1170 | D:3      | 1170 ||| STAIRDANCE
  1223 | D:3      | Noticed Jessica
  1233 | D:3      | Killed Jessica
  1234 | D:3      | Reached skill level 4 in Ranged Weapons
  1234 | D:3      | Reached XP level 4. HP: 36/36 MP: 4/4
  1382 | D:3      | Found an opulent altar of Gozag.
  1402 | D:3      | You fall into a shaft and drop 3 floors!
  1403 | D:6      | 1403 ||| PLANNING OSSUARY
  1473 | D:6      | Noticed a sky beast
  1478 | D:6      | Noticed a water moccasin
  1480 | D:6      | Reached skill level 5 in Ranged Weapons
  1483 | D:6      | HP: 8/36 [something (5)]
  1484 | D:6      | HP: 2/36 [poisoned by a water moccasin]
  1484 | D:6      | Slain by a water moccasin

Levels and vault maps discovered:
D:1:      psy_arrival_statuary, layout_rooms,
          hellmonk_ecumenical_altar_pennies_from_heaven, serial_bayou_pond_e
D:2:      layout_loops_cross
D:3:      layout_loops_ring, general_overflow_altar, uniq_jessica
D:6:      layout_basic, led_sif_book, minmay_temple_entry_nine_rooms,
          enter_ossuary_1

Skill      XL: |  1  2  3  4 |
---------------+-------------+-----
Ranged Weapons | 3 4 5 |  5.1
Fighting       | 2 |  2.0
Dodging        | |  2.1
Spellcasting   | |  1.0
Hexes          | |  2.0

Action                     |  1- 3 |  4- 6 || total
---------------------------+-------+-------++-------
   Fire: Sling             |   115 |    37 ||   152
    Use: Scroll            |     2 |       ||     2
         Potion            |     2 |       ||     2
 Armour: Robe              |     3 |       ||     3
         Leather armour    |    23 |     7 ||    30
  Dodge: Dodged            |    36 |     9 ||    45

Table legend:
 A = Non-vault XP
 B = Vault XP
 C = Vault XP percentage of total XP
 D = Non-vault monster count
 E = Vault monster count
 F = Vault count percentage of total count
                 A         B        C        D         E       F
            +---------+---------+-------+---------+---------+-------
      Total |     116 |      37 |  24.2 |      37 |       1 |   2.6
            +---------+---------+-------+---------+---------+-------
        D:1 |      17 |       0 |   0.0 |      11 |       0 |   0.0
        D:2 |      40 |       0 |   0.0 |      17 |       0 |   0.0
        D:3 |      19 |      37 |  66.1 |       8 |       1 |  11.1
        D:6 |      40 |       0 |   0.0 |       1 |       0 |   0.0
            +---------+---------+-------+---------+---------+-------
